 Dungeon Crawl Stone Soup version 0.23.1 (webtiles) character file.

Game seed: 1923163393338093041

18 Borgoz the Sneak (level 2, -4/20 HPs)
             Began as a Ghoul Enchanter on Mar 3, 2019.
             Slain by a hobgoblin (5 damage)
             ... on level 1 of the Dungeon.
             The game lasted 00:01:08 (898 turns).

Borgoz the Sneak (Ghoul Enchanter)                   Turns: 898, Time: 00:01:09

Health: -4/20      AC:  2    Str: 11    XL:     2   Next: 70%
Magic:  3/3        EV: 12    Int: 10    God:
Gold:   75         SH:  0    Dex:  9    Spells: 3/4 levels left

rFire    . . .     SeeInvis .   a - +1 dagger
rCold    + . .     Gourm    .   (no shield)
rNeg     + + +     Faith    .   b - +0 robe
rPois    ∞         Spirit   .   (no helmet)
rElec    .         Reflect  .   (no cloak)
rCorr    .         Harm     .   (no gloves)
MR       .....                  (no boots)
Stlth    ++........             (no amulet)
HPRegen  0.00/turn              (no ring)
MPRegen  0.08/turn              (no ring)

@: rotting
A: rotting body, claws 1, carnivore, cold resistance 1, negative energy
resistance 3, inhibited regeneration, torment resistance, unbreathing
a: no special abilities


You were on level 1 of the Dungeon.
You were not hungry.

You visited 1 branch of the dungeon, and saw 2 of its levels.

You collected 75 gold pieces.

Inventory:

Hand Weapons
 a - a +1 dagger (weapon)
Missiles
 i - a throwing net (quivered)
Armour
 b - a +0 robe (worn)
Jewellery
 e - an uncursed amulet of harm {unknown}
 h - an uncursed ring of ice {unknown}
Scrolls
 c - a scroll of fear {unknown}
 f - 4 scrolls of identify {unknown}
Potions
 g - a potion of agility {unknown}
 j - a potion of heal wounds {unknown}
 k - a potion of curing {unknown}
Comestibles
 d - 3 rations


   Skills:
 + Level 0.2 Fighting
 + Level 0.8 Short Blades
 + Level 1.7 Dodging
 + Level 3.8 Stealth
 + Level 1.9 Spellcasting
 + Level 2.8 Hexes


You had 3 spell levels left.
You knew the following spells:

 Your Spells              Type           Power        Failure   Level  Hunger
a - Corona                Hex            #......      10%         1    ##.....

Your spell library contained the following spells:

 Spells                   Type           Power        Failure   Level  Hunger
 Slow                     Hex            #.......     16%         2    ###....
 Ensorcelled Hibernation  Hex/Ice        #.....       26%         2    ###....
 Confuse                  Hex            #.......     30%         3    ####...
 Tukima's Dance           Hex            #.......     30%         3    ####...
 Magic Dart               Conj           #...         32%         1    ##.....
 Blink                    Tloc           N/A          43%         2    ###....
 Call Imp                 Summ           #.......     43%         2    ###....
 Dazzling Spray           Conj/Hex       #.....       47%         3    ####...
 Conjure Flame            Conj/Fire      #.......     67%         3    ####...
 Mephitic Cloud           Conj/Pois/Air  #.......     67%         3    ####...


Dungeon Overview and Level Annotations

Branches:
Dungeon (2/15)

Altars:


Innate Abilities, Weirdness & Mutations

Your body is rotting away.
You thrive on raw meat.
You are immune to poison.
You have sharp fingernails.
You are carnivorous and can eat meat at any time.
Your flesh is cold resistant. (rC+)
You are immune to negative energy. (rN+++)
You do not regenerate when monsters are visible.
You are immune to unholy pain and torment.
You can survive without breathing.


Message History

There is a stone staircase leading up here.
The hobgoblin hits you but does no damage.
You climb upwards.
There is a stone staircase leading down here.
Okay, then.
You hit the hobgoblin but do no damage.
The hobgoblin is heavily wounded.
The hobgoblin hits you.
* * * LOW HITPOINT WARNING * * *
You hit the hobgoblin.
The hobgoblin is severely wounded.
The hobgoblin closely misses you.
You hit the hobgoblin but do no damage.
The hobgoblin is severely wounded.
The hobgoblin hits you.
* * * LOW HITPOINT WARNING * * *
You barely miss the hobgoblin.
The hobgoblin is severely wounded.
The hobgoblin hits you.
You die...

##############
#............# #
#......÷...#.# #
#######..#######.#.####
#######........#
#.#.##..
#............#.###
#.#.##..
#.#####.####g....#
#.#.##.. #.# #.#
#@###.### #.#.##.. ##
#.# #.# #.# #...#
#.#.##.. .# #.# #(#
#.###.#.# #.#.##..
.####.#####.####.....#.#
#.#.##..
...................###.#
#.#....#
.................### #.#
#.#....#
.......⌠.⌠.......# #.#
#.......
........⌠........# #.#
#.......
.................# #.#
#..#....


You could see a hobgoblin.

Vanquished Creatures
  An ooze (D:1)
  3 bats (D:1)
  2 giant cockroaches (D:1)
  A goblin (D:1)
  2 hobgoblins (D:1)
  2 kobolds (D:1)
11 creatures vanquished.

Notes
Turn   | Place    | Note
-------+----------+-------------------------------------------
     0 | D:1      | Borgoz the Ghoul Enchanter began the quest for the Orb.
     0 | D:1      | Reached XP level 1. HP: 14/14 MP: 2/2
   185 | D:1      | Reached XP level 2. HP: 11/20 MP: 3/3
   897 | D:1      | HP: 1/20 [hobgoblin (2)]
   898 | D:1      | Slain by a hobgoblin

Action                   || total
-------------------------++-------
Melee: Dagger            ||    46
 Stab: Sleeping          ||     5
  Eat: Chunk             ||     7
Armor: Robe              ||     6
Dodge: Dodged            ||    33
